 Dungeon Crawl Stone Soup version 0.16-a0-1885-g0f03bb0 (webtiles) character file.

3005 timbw the Cleaver (level 9, -1/70 HPs)
             Began as a Vine Stalker Berserker on Nov 6, 2014.
             Was a Priest of Trog.
             Slain by a yak (9 damage)
             ... in an ice cave.
             The game lasted 00:10:09 (1384 turns).

timbw the Cleaver (Vine Stalker Berserker)          Turns: 1384, Time: 00:10:11

Health: -1/70      AC: 10    Str: 26    XL:     9   Next: 84%
Magic:  0/12       EV:  6    Int:  7    God:    Trog [***...]
Gold:   245        SH:  0    Dex: 16    Spells: 0 memorised, 8 levels left

rFire  . . .     SeeInvis .     a - +0 war axe
rCold  . . .     Clarity  .     p - +0 plate armour
rNeg   . . .     SustAb   .     (no shield)
rPois  .         Gourm    .     (no helmet)
rElec  .         Spirit   +     (no cloak)
rCorr  .         Warding  .     (no gloves)
rMut   .         Stasis   .     (no boots)
MR     +....                    d - amulet of rage
Stlth  ..........               (no ring)
                                (no ring)

@: berserking (expiring), very quick, somewhat resistant to hostile
enchantments, extremely unstealthy
A: fangs 3, regeneration 2, magic shield, antimagic bite, no device heal 3, rot
immunity
a: Burn Spellbooks, Berserk, Trog's Hand, Renounce Religion, Evoke Berserk Rage


You were in an ice cave.
You worshipped Trog.
Trog was most pleased with you.
You were not hungry.

You visited 2 branches of the dungeon, and saw 12 of its levels.
You also visited: Ice Cave.

You collected 245 gold pieces.

Inventory:

Hand weapons
 a - a +0 war axe (weapon)
 n - a +0 blowgun
 t - a +0 hand axe
Missiles
 o - 4 poisoned needles
 y - 17 stones (quivered)
Armour
 j - a +0 ring mail
 p - a +0 plate armour (worn)
 r - a +0 animal skin
 s - a +1 chain mail
 u - a +0 scale mail
Rods
 b - a +1 rod of shadows (10/10)
   (You found it on level 4 of the Dungeon)
Jewellery
 d - an amulet of rage (around neck)
Magical devices
 l - a wand of slowing (24)
Scrolls
 f - 3 scrolls of fear
 h - 2 scrolls of blinking
 q - 2 scrolls of teleportation {unknown}
 v - a scroll of recharging {unknown}
 z - a scroll of fog {unknown}
Potions
 e - 2 potions of confusion
 g - a potion of agility
 i - a potion of heal wounds
 k - a potion of cancellation
Comestibles
 c - 5 chunks of flesh
 x - a meat ration


   Skills:
 + Level 5.2 Fighting
 * Level 10.7 Axes
 - Level 1.5 Armour
 + Level 4.4 Dodging


You had 8 spell levels left.
You didn't know any spells.

Dungeon Overview and Level Annotations

Branches:
Dungeon (10/15)              Lair (2/8) D:9
 Temple: D:4-7          Orc: D:9-12

Altars:
Sif Muna

Annotations:
D:9 exclusion: orange crystal statue


Innate Abilities, Weirdness & Mutations

You have razor-sharp teeth.
You heal very quickly.
When hurt, damage is shared between your health and your magic reserves.
Your bite disrupts and absorbs the magic of your enemies.
Potions and wands cannot restore your health.
You are immune to rotting.


Message History

You slash the yak!
The yak is moderately wounded.
The polar bear bites you but does no damage.
The polar bear claws you but does no damage. x2
Unknown command.
You slash the yak!
The yak is severely wounded.
You slash the polar bear!
The polar bear is severely wounded.
The yak gores you.
* * * LOW HITPOINT WARNING * * *
Unknown command.
You slash the yak! Your bite misses the yak.
The yak is almost dead.
You closely miss the polar bear.
The polar bear is severely wounded.
The polar bear closely misses you.
The polar bear claws you but does no damage. x2
The yak gores you!
You die...

...###..
...#....
.......
.....
.... #..#
#hY##
#@.##
##..#
##...#
##...##
#...##
#...##
##...#
##...##
##.....##


You could see a polar bear and a yak.

Vanquished Creatures
  A fire drake (Lair:2)
  3 polar bears (IceCv)
  4 yaks (IceCv)
  2 wolves (IceCv)
  A hippogriff (Lair:1)
  Edmund (D:6)
  The ghost of timbw the Chopper, an average VSBe of Trog (D:5)
  An ogre (D:10)
  2 centaurs
  A crocodile (Lair:1)
  Blork the orc (D:6)
  A scorpion (D:9)
  3 hounds
  A worker ant (D:6)
  An orc priest (D:7)
  3 orc wizards
  5 green rats (Lair:2)
  3 adders
  A giant mite (D:6)
  12 white imps (Lair:2)
  A worm (D:5)
  A shadow imp (D:5)
  A giant gecko (D:9)
  2 oozes
  13 orcs
  7 bats
  2 goblins
  2 hobgoblins
  6 kobolds
  A giant newt (D:5)
  A goblin zombie (D:5)
  2 quokkas
  8 rats
  A fungus (D:9)
96 creatures vanquished.

Vanquished Creatures (others)
  A bat (D:5)
1 creature vanquished.

Grand Total: 97 creatures vanquished

Notes
Turn   | Place    | Note
--------------------------------------------------------------
     0 | D:1      | timbw, the Vine Stalker Berserker, began the quest for the Orb.
     0 | D:1      | Reached XP level 1. HP: 11/11 MP: 1/1
     9 | D:1      | Reached skill level 3 in Axes
   113 | D:2      | Reached XP level 2. HP: 16/16 MP: 3/3
   266 | D:4      | Identified a cursed +1 rod of shadows (10/10) (You found it on level 4 of the Dungeon)
   289 | D:5      | Entered Level 5 of the Dungeon
   289 | D:5      | Noticed timbw's ghost (average VSBe)
   299 | D:5      | Killed timbw's ghost
   299 | D:5      | Reached skill level 5 in Axes
   299 | D:5      | Reached XP level 3. HP: 19/19 MP: 4/4
   299 | D:5      | Reached XP level 4. HP: 23/23 MP: 5/5
   299 | D:5      | Reached XP level 5. HP: 27/27 MP: 7/7
   372 | D:5      | Acquired Trog's second power
   583 | D:6      | Noticed a centaur
   600 | D:6      | Killed a centaur
   600 | D:6      | Reached skill level 6 in Axes
   600 | D:6      | Gained mutation: You heal very quickly. [vine stalker growth]
   600 | D:6      | Reached XP level 6. HP: 10/32 MP: 6/8
   665 | D:6      | Noticed Blork the orc
   674 | D:6      | Noticed Edmund
   674 | D:6      | Killed Blork the orc
   713 | D:6      | Reached XP level 7. HP: 35/35 MP: 9/9
   717 | D:6      | Reached skill level 7 in Axes
   721 | D:6      | Killed Edmund
   748 | D:6      | Noticed an orc warrior
   864 | D:9      | Found a deep blue altar of Sif Muna.
   878 | D:9      | Noticed an orange crystal statue
  1000 | D:9      | Reached skill level 8 in Axes
  1001 | D:9      | Found a staircase to the Lair.
  1079 | D:10     | Entered Level 10 of the Dungeon
  1083 | D:10     | Gained mutation: You have razor-sharp teeth. [vine stalker growth]
  1083 | D:10     | Reached XP level 8. HP: 27/39 MP: 11/11
  1113 | Lair:1   | Entered Level 1 of the Lair of Beasts
  1183 | Lair:2   | Noticed a fire drake
  1191 | Lair:2   | Killed a fire drake
  1191 | Lair:2   | Reached skill level 9 in Axes
  1262 | Lair:2   | Found a frozen archway.
  1308 | IceCv    | Entered an ice cave
  1308 | IceCv    | Noticed a polar bear
  1319 | IceCv    | Reached XP level 9. HP: 45/45 MP: 12/12
  1325 | IceCv    | Killed a polar bear
  1325 | IceCv    | Reached skill level 10 in Axes
  1360 | IceCv    | Noticed a polar bear
  1360 | IceCv    | Noticed a polar bear
  1361 | IceCv    | Noticed a polar bear
  1376 | IceCv    | Killed a polar bear
  1379 | IceCv    | Reached skill level 5 in Fighting
  1382 | IceCv    | Killed a polar bear
  1384 | IceCv    | Slain by a yak

Action                   |  1- 3 |  4- 6 |  7- 9 || total
-------------------------+-------+-------+-------++-------
Melee: Hand axe          |    35 |    79 |       ||   114
       War axe           |       |     7 |   123 ||   130
Invok: Berserk           |     2 |     2 |     6 ||    10
       Trog's Hand       |       |     4 |     6 ||    10
Evoke: Rod               |     2 |       |       ||     2
  Use: Scroll            |     2 |     3 |     5 ||    10
  Eat: Bread ration      |       |     1 |     2 ||     3
       Pizza             |       |     1 |       ||     1
